[ AOE2 MATCH · #506201884 ]
UnrankedTatars vs Cumans
Player's team · WIN
Rival team · LOSS
[ REPLAY ANALYSIS · EXTRACTED FROM THE RECORDED GAME ]
Feudal
12:36
Castle
22:56
Imperial
—
| APM avg | 65.6 |
| APM peak | 101 |
| eAPM avg | 31.8 |
| Villagers / military | 141 / 97 |
Focus
⚔️ 40.0% · 🌾 60.0%
Cavalry Archer ×48 · Archer ×34 · Militia ×6 · Mangonel ×4 · Skirmisher ×4 · Spearman ×1
Feudal
8:53
Castle
23:29
Imperial
—
| APM avg | 52.3 |
| APM peak | 89 |
| eAPM avg | 24.5 |
| Villagers / military | 96 / 97 |
Focus
⚔️ 32.1% · 🌾 67.9%
Kipchak ×50 · Skirmisher ×29 · Archer ×13 · Mangonel ×3 · Scout Cavalry ×2
Match map
Initial resources + every placement click. Lines = walls · curves = elevation contours. ◆ gold · ⬟ stone · ● berries · ✦ relic · ◌ wall gap
Your base· Open — 5t gap
JackK's base· Open — 4t gap
Smoothed initial terrain · ◌ = detected wall gap · hover for details
Inputs per minute
— The_Fury - - JackK
Build order — The_Fury
First 150 of 357 actions detected
| 0:01 | Create | Villager (Male) |
| 0:01 | Create | Villager (Male) |
| 0:02 | Build | House |
| 0:02 | Create | Villager (Male) |
| 0:03 | Build | House |
| 0:06 | Create | Villager (Male) |
| 1:03 | Build | Lumber Camp |
| 1:28 | Create | Villager (Male) |
| 1:29 | Create | Villager (Male) |
| 1:56 | Create | Villager (Male) |
| 1:57 | Create | Villager (Male) |
| 2:28 | Create | Villager (Male) |
| 2:53 | Create | Villager (Male) |
| 2:54 | Create | Villager (Male) |
| 3:21 | Create | Villager (Male) |
| 3:38 | Build | House |
| 3:45 | Create | Villager (Male) |
| 4:14 | Build | Barracks |
| 4:22 | Create | Villager (Male) |
| 4:22 | Create | Villager (Male) |
| 4:50 | Build | House |
| 5:04 | Create | Villager (Male) |
| 5:09 | Build | Palisade Gate |
| 5:15 | Create | Militia |
| 5:15 | Create | Militia |
| 5:15 | Create | Militia |
| 5:24 | Build | House |
| 5:40 | Build | Palisade Wall |
| 5:57 | Create | Militia |
| 6:04 | Research | Loom |
| 6:15 | Create | Villager (Male) |
| 6:43 | Create | Villager (Male) |
| 6:45 | Build | Mill |
| 6:51 | Build | Palisade Wall |
| 6:56 | Create | Militia |
| 7:09 | Create | Villager (Male) |
| 7:20 | Create | Villager (Male) |
| 7:45 | Build | Mill |
| 7:46 | Create | Villager (Male) |
| 8:20 | Create | Villager (Male) |
| 8:23 | Create | Villager (Male) |
| 8:31 | Create | Villager (Male) |
| 8:46 | Create | Villager (Male) |
| 8:48 | Build | House |
| 8:49 | Build | House |
| 9:20 | Build | Palisade Wall |
| 9:23 | Build | Palisade Wall |
| 9:24 | Build | Palisade Wall |
| 9:24 | Build | Palisade Wall |
| 9:28 | Create | Villager (Male) |
| 9:34 | Build | Mining Camp |
| 9:52 | Create | Villager (Male) |
| 10:26 | Research | Feudal Age |
| 10:26 | Research | Feudal Age |
| 10:53 | Create | Militia |
| 12:29 | Create | Villager (Male) |
| 12:36 | Age | Feudal Age |
| 12:38 | Create | Villager (Male) |
| 12:41 | Build | Archery Range |
| 12:45 | Research | Double-Bit Axe |
| 12:45 | Research | Double-Bit Axe |
| 12:45 | Create | Spearman |
| 12:53 | Build | Blacksmith |
| 12:55 | Create | Villager (Male) |
| 13:02 | Create | Villager (Male) |
| 13:09 | Create | Villager (Male) |
| 13:17 | Create | Skirmisher |
| 13:24 | Create | Villager (Male) |
| 13:25 | Create | Skirmisher |
| 13:28 | Create | Villager (Male) |
| 13:34 | Build | Farm |
| 13:36 | Build | Farm |
| 13:48 | Create | Skirmisher |
| 13:52 | Create | Villager (Male) |
| 13:58 | Build | Farm |
| 14:00 | Create | Archer |
| 14:04 | Create | Villager (Male) |
| 14:12 | Research | Horse Collar |
| 14:13 | Research | Horse Collar |
| 14:26 | Build | Farm |
| 14:27 | Create | Villager (Male) |
| 14:27 | Create | Archer |
| 14:41 | Build | House |
| 14:42 | Build | House |
| 14:44 | Create | Villager (Male) |
| 14:52 | Create | Archer |
| 14:54 | Create | Villager (Male) |
| 15:05 | Build | Farm |
| 15:17 | Build | Farm |
| 15:18 | Build | Farm |
| 15:23 | Create | Archer |
| 15:27 | Research | Fletching |
| 15:27 | Research | Fletching |
| 15:31 | Create | Archer |
| 15:50 | Create | Villager (Male) |
| 15:50 | Create | Villager (Male) |
| 15:51 | Build | Farm |
| 16:10 | Build | Farm |
| 16:17 | Build | House |
| 16:19 | Create | Villager (Male) |
| 16:24 | Build | Farm |
| 16:39 | Create | Villager (Male) |
| 16:50 | Create | Archer |
| 16:55 | Create | Villager (Male) |
| 17:12 | Create | Skirmisher |
| 17:18 | Build | Market |
| 17:37 | Create | Villager (Male) |
| 17:39 | Create | Villager (Male) |
| 17:42 | Build | Palisade Gate |
| 17:44 | Build | Palisade Wall |
| 17:46 | Create | Villager (Male) |
| 17:48 | Create | Villager (Male) |
| 17:53 | Research | Padded Archer Armor |
| 17:59 | Create | Archer |
| 17:59 | Create | Archer |
| 18:18 | Create | Villager (Male) |
| 18:20 | Create | Villager (Male) |
| 18:43 | Create | Villager (Male) |
| 18:46 | Create | Villager (Male) |
| 18:58 | Create | Archer |
| 18:58 | Create | Archer |
| 19:02 | Create | Villager (Male) |
| 19:06 | Build | Farm |
| 19:23 | Create | Villager (Male) |
| 19:26 | Create | Villager (Male) |
| 19:30 | Create | Villager (Male) |
| 19:36 | Create | Archer |
| 19:36 | Create | Archer |
| 19:39 | Build | Archery Range |
| 19:59 | Build | House |
| 20:06 | Build | Palisade Gate |
| 20:16 | Research | Castle Age |
| 20:23 | Create | Archer |
| 20:34 | Build | Lumber Camp |
| 20:37 | Create | Archer |
| 21:03 | Create | Archer |
| 21:03 | Create | Archer |
| 21:16 | Research | Gold Mining |
| 21:16 | Research | Gold Mining |
| 21:46 | Create | Archer |
| 21:49 | Create | Archer |
| 21:50 | Create | Archer |
| 22:04 | Create | Archer |
| 22:12 | Build | Lumber Camp |
| 22:28 | Create | Archer |
| 22:42 | Create | Archer |
| 22:56 | Age | Castle Age |
| 23:03 | Research | Bodkin Arrow |
| 23:15 | Research | Crossbowman (upgrade) |
| 23:15 | Research | Crossbowman (upgrade) |
Build order — JackK
First 150 of 242 actions detected
| 0:00 | Create | Villager (Male) |
| 0:01 | Create | Villager (Male) |
| 0:02 | Build | House |
| 0:02 | Build | House |
| 0:12 | Create | Villager (Male) |
| 0:12 | Create | Villager (Male) |
| 1:31 | Create | Villager (Male) |
| 1:44 | Build | Lumber Camp |
| 2:03 | Create | Villager (Male) |
| 2:13 | Create | Villager (Male) |
| 2:48 | Create | Villager (Male) |
| 3:11 | Create | Villager (Male) |
| 3:40 | Create | Villager (Male) |
| 3:51 | Build | House |
| 4:03 | Build | House |
| 4:04 | Create | Villager (Male) |
| 4:29 | Create | Villager (Male) |
| 4:37 | Build | Mill |
| 4:48 | Create | Villager (Male) |
| 5:18 | Create | Villager (Male) |
| 5:37 | Create | Villager (Male) |
| 5:57 | Research | Loom |
| 6:29 | Build | Lumber Camp |
| 6:36 | Research | Feudal Age |
| 7:43 | Build | House |
| 8:00 | Build | Barracks |
| 8:53 | Age | Feudal Age |
| 9:07 | Create | Villager (Male) |
| 9:07 | Create | Villager (Male) |
| 9:19 | Build | Stable |
| 9:20 | Research | Double-Bit Axe |
| 9:24 | Build | House |
| 9:36 | Create | Villager (Male) |
| 9:50 | Create | Scout Cavalry |
| 9:56 | Build | Archery Range |
| 9:58 | Create | Villager (Male) |
| 10:27 | Build | Mill |
| 10:31 | Create | Archer |
| 10:33 | Build | Mining Camp |
| 10:38 | Build | Farm |
| 10:39 | Create | Villager (Male) |
| 11:07 | Create | Villager (Male) |
| 11:17 | Build | House |
| 11:23 | Build | Farm |
| 11:23 | Build | Farm |
| 11:40 | Create | Villager (Male) |
| 11:51 | Create | Villager (Male) |
| 12:04 | Create | Scout Cavalry |
| 12:05 | Create | Archer |
| 12:09 | Build | House |
| 12:16 | Create | Villager (Male) |
| 12:22 | Build | Farm |
| 12:31 | Build | House |
| 12:36 | Create | Villager (Male) |
| 12:37 | Create | Villager (Male) |
| 12:54 | Build | Blacksmith |
| 12:59 | Create | Archer |
| 12:59 | Create | Archer |
| 13:01 | Create | Archer |
| 13:22 | Create | Villager (Male) |
| 13:23 | Build | Farm |
| 13:31 | Create | Archer |
| 13:32 | Build | House |
| 13:48 | Create | Villager (Male) |
| 14:05 | Create | Archer |
| 14:11 | Create | Villager (Male) |
| 14:20 | Research | Fletching |
| 14:20 | Research | Fletching |
| 14:33 | Create | Villager (Male) |
| 14:33 | Create | Villager (Male) |
| 14:42 | Build | Town Center |
| 15:01 | Create | Villager (Male) |
| 15:03 | Create | Archer |
| 15:11 | Create | Villager (Male) |
| 15:28 | Create | Archer |
| 15:34 | Build | House |
| 15:35 | Create | Villager (Male) |
| 15:36 | Build | Farm |
| 16:02 | Create | Villager (Male) |
| 16:29 | Create | Villager (Male) |
| 16:32 | Build | Farm |
| 16:36 | Build | Farm |
| 16:49 | Create | Villager (Male) |
| 16:49 | Create | Villager (Male) |
| 16:50 | Create | Villager (Male) |
| 16:51 | Create | Villager (Male) |
| 16:51 | Create | Villager (Male) |
| 16:55 | Create | Archer ×2 |
| 17:16 | Create | Villager (Male) |
| 17:17 | Create | Villager (Male) |
| 17:17 | Create | Villager (Male) |
| 17:31 | Build | Farm |
| 17:31 | Build | Farm |
| 17:37 | Build | Watch Tower |
| 17:47 | Build | Farm |
| 18:04 | Build | House |
| 18:07 | Research | Wheelbarrow |
| 18:33 | Create | Archer |
| 18:50 | Create | Villager (Male) |
| 18:50 | Create | Villager (Male) |
| 18:51 | Create | Villager (Male) |
| 18:51 | Create | Villager (Male) |
| 18:53 | Create | Archer |
| 19:24 | Create | Villager (Male) |
| 19:24 | Create | Villager (Male) |
| 19:24 | Create | Villager (Male) |
| 19:32 | Build | Market |
| 19:56 | Build | Archery Range |
| 20:12 | Build | Palisade Wall |
| 20:13 | Build | Palisade Wall |
| 20:14 | Build | Palisade Wall |
| 20:49 | Research | Castle Age |
| 20:55 | Create | Skirmisher |
| 21:10 | Build | Palisade Wall |
| 21:17 | Build | Farm |
| 21:18 | Build | Farm |
| 21:19 | Build | Farm |
| 21:21 | Build | Farm |
| 21:37 | Create | Skirmisher ×2 |
| 21:51 | Create | Skirmisher |
| 22:04 | Create | Skirmisher |
| 22:04 | Create | Skirmisher |
| 22:12 | Build | Farm |
| 22:15 | Build | Farm |
| 22:22 | Create | Skirmisher ×4 |
| 22:22 | Create | Skirmisher ×4 |
| 22:30 | Research | Padded Archer Armor |
| 22:31 | Research | Padded Archer Armor |
| 22:31 | Research | Padded Archer Armor |
| 23:17 | Create | Villager (Male) |
| 23:17 | Create | Villager (Male) |
| 23:29 | Age | Castle Age |
| 23:30 | Research | Elite Skirmisher (upgrade) |
| 23:39 | Research | Bodkin Arrow |
| 23:40 | Research | Bodkin Arrow |
| 23:42 | Create | Villager (Male) |
| 23:42 | Create | Villager (Male) |
| 23:58 | Build | Farm |
| 24:00 | Build | Farm |
| 24:00 | Build | Farm |
| 24:04 | Create | Skirmisher ×2 |
| 24:06 | Create | Skirmisher |
| 24:07 | Create | Skirmisher |
| 24:25 | Create | Villager (Male) |
| 24:25 | Create | Villager (Male) |
| 24:29 | Build | House |
| 24:30 | Build | House |
| 24:51 | Create | Villager (Male) |
| 24:51 | Create | Villager (Male) |
| 24:56 | Create | Skirmisher |
Match timeline
| 4:14 | The_Fury · first_building Barracks |
| 5:40 | The_Fury · wall_segment Palisade Wall x1 |
| 6:51 | The_Fury · wall_segment Palisade Wall x17 |
| 8:00 | JackK · first_building Barracks |
| 8:53 | JackK · age_up feudal |
| 9:19 | JackK · first_building Stable |
| 9:20 | The_Fury · wall_segment Palisade Wall x6 |
| 9:23 | The_Fury · wall_segment Palisade Wall x6 |
| 9:24 | The_Fury · wall_segment Palisade Wall x11 |
| 9:24 | The_Fury · wall_segment Palisade Wall x6 |
| 9:56 | JackK · first_building Archery Range |
| 12:36 | The_Fury · age_up feudal |
| 12:41 | The_Fury · first_building Archery Range |
| 17:44 | The_Fury · wall_segment Palisade Wall x4 |
| 19:49 | The_Fury · first_market_sell 100 stone |
| 19:50 | The_Fury · first_market_buy 100 food |
| 20:12 | JackK · wall_segment Palisade Wall x5 |
| 20:13 | JackK · wall_segment Palisade Wall x7 |
| 20:14 | JackK · wall_segment Palisade Wall x12 |
| 20:35 | JackK · first_market_sell 500 stone |
| 20:36 | JackK · first_market_buy 100 food |
| 21:10 | JackK · wall_segment Palisade Wall x5 |
| 22:56 | The_Fury · age_up castle |
| 23:29 | JackK · age_up castle |
| 23:30 | The_Fury · first_building Siege Workshop |
| 25:57 | JackK · first_building Siege Workshop |
| 27:14 | JackK · first_building Castle |
| 37:25 | The_Fury · first_building Castle |
| 37:47 | JackK · resign |
[ AI ANALYSIS · 1 CREDIT ]
What really happened in this match?
Wolo.gg analyzes every decision: build order, eco, micro, common mistakes by bracket. Personalized analysis on WhatsApp or Discord in 30 seconds.
Civ guide
Tatars
Perfil
Jugador #8448734